[ AOE2 MATCH · #495347100 ]
UnrankedHindustanis vs Mongols
Rival team · WIN
[ REPLAY ANALYSIS · EXTRACTED FROM THE RECORDED GAME ]
Feudal
8:25
Castle
—
Imperial
—
| APM avg | 44.2 |
| APM peak | 69 |
| eAPM avg | 18.6 |
| Villagers / military | 36 / 12 |
Focus
⚔️ 34.4% · 🌾 65.6%
Archer ×9 · Scout Cavalry ×2 · Skirmisher ×1
Feudal
8:32
Castle
—
Imperial
—
| APM avg | 59.8 |
| APM peak | 96 |
| eAPM avg | 17.2 |
| Villagers / military | 37 / 15 |
Focus
⚔️ 21.4% · 🌾 78.6%
Archer ×8 · Militia ×4 · Spearman ×2 · Skirmisher ×1
Match map
Initial resources + every placement click. Lines = walls · curves = elevation contours. ◆ gold · ⬟ stone · ● berries · ✦ relic · ◌ wall gap
Your base· Open — 5t gap
OS+ | TeoX's base· Open — 7t gap
Smoothed initial terrain · ◌ = detected wall gap · hover for details
Inputs per minute
— banditbird - - OS+ | TeoX
Build order — banditbird
102 actions detected in the replay
| 0:00 | Create | Villager (Male) |
| 0:01 | Create | Villager (Male) |
| 0:01 | Create | Villager (Male) |
| 0:03 | Build | House |
| 0:05 | Build | House |
| 0:24 | Create | Villager (Male) |
| 1:02 | Create | Villager (Male) |
| 1:30 | Create | Villager (Male) |
| 2:04 | Create | Villager (Male) |
| 2:23 | Build | Lumber Camp |
| 2:24 | Create | Villager (Male) |
| 3:04 | Create | Villager (Male) |
| 3:04 | Create | Villager (Male) |
| 3:13 | Create | Villager (Male) |
| 4:01 | Create | Villager (Male) |
| 4:02 | Build | House |
| 4:12 | Create | Villager (Male) |
| 4:40 | Create | Villager (Male) |
| 4:46 | Research | Loom |
| 4:52 | Build | Mill |
| 6:06 | Research | Feudal Age |
| 7:10 | Build | Palisade Wall |
| 7:11 | Build | Palisade Wall |
| 7:16 | Build | Palisade Wall |
| 7:17 | Build | Palisade Wall |
| 7:18 | Build | Palisade Wall |
| 7:19 | Build | Palisade Wall |
| 7:20 | Build | Palisade Wall |
| 7:26 | Build | Palisade Wall |
| 7:26 | Build | Palisade Wall |
| 7:37 | Build | Barracks |
| 8:00 | Build | House |
| 8:13 | Create | Villager (Male) |
| 8:25 | Age | Feudal Age |
| 8:28 | Create | Villager (Male) |
| 8:39 | Build | Stable |
| 8:53 | Build | Stable |
| 9:06 | Create | Villager (Male) |
| 9:25 | Create | Villager (Male) |
| 9:29 | Research | Double-Bit Axe |
| 9:37 | Create | Scout Cavalry |
| 9:43 | Build | House |
| 9:47 | Create | Villager (Male) |
| 9:55 | Build | Archery Range |
| 10:01 | Create | Scout Cavalry |
| 10:10 | Create | Villager (Male) |
| 10:32 | Create | Villager (Male) |
| 10:35 | Build | Mining Camp |
| 10:45 | Create | Archer |
| 10:52 | Build | House |
| 11:01 | Create | Villager (Male) |
| 11:09 | Create | Skirmisher |
| 11:12 | Build | Palisade Wall |
| 11:16 | Build | Palisade Wall |
| 11:17 | Build | Palisade Wall |
| 11:20 | Build | Palisade Wall |
| 11:30 | Create | Villager (Male) |
| 11:36 | Build | House |
| 11:38 | Build | Palisade Wall |
| 11:51 | Build | Mill |
| 11:53 | Build | Palisade Wall |
| 12:00 | Build | Palisade Wall |
| 12:00 | Create | Villager (Male) |
| 12:05 | Create | Archer |
| 12:09 | Build | House |
| 12:25 | Build | Farm |
| 12:27 | Build | Farm |
| 12:32 | Create | Villager (Male) |
| 12:34 | Create | Archer |
| 12:48 | Build | Blacksmith |
| 12:50 | Create | Villager (Male) |
| 13:06 | Create | Villager (Male) |
| 13:08 | Build | Farm |
| 13:12 | Build | House |
| 13:15 | Create | Archer |
| 13:41 | Build | Farm |
| 13:44 | Build | Palisade Wall |
| 14:05 | Build | House |
| 14:12 | Create | Villager (Male) |
| 14:13 | Create | Villager (Male) |
| 14:20 | Build | Palisade Wall |
| 14:29 | Create | Archer |
| 14:29 | Create | Archer |
| 14:39 | Build | Palisade Wall |
| 14:42 | Build | Palisade Wall |
| 14:52 | Create | Archer |
| 15:00 | Build | Farm |
| 15:02 | Build | Farm |
| 15:09 | Create | Villager (Male) |
| 15:09 | Create | Villager (Male) |
| 15:30 | Build | Farm |
| 15:35 | Create | Villager (Male) |
| 15:38 | Build | Farm |
| 16:03 | Build | Farm |
| 16:05 | Create | Villager (Male) |
| 16:10 | Create | Archer |
| 16:11 | Create | Archer |
| 16:27 | Create | Villager (Male) |
| 16:30 | Build | House |
| 16:53 | Create | Villager (Male) |
| 17:21 | Create | Villager (Male) |
| 17:43 | Build | Farm |
Build order — OS+ | TeoX
100 actions detected in the replay
| 0:01 | Create | Villager (Male) |
| 0:01 | Create | Villager (Male) |
| 0:02 | Build | House |
| 0:03 | Build | House |
| 0:25 | Create | Villager (Male) |
| 0:25 | Create | Villager (Male) |
| 1:31 | Create | Villager (Male) |
| 1:59 | Build | Lumber Camp |
| 2:00 | Create | Villager (Male) |
| 2:21 | Create | Villager (Male) |
| 2:53 | Create | Villager (Male) |
| 3:15 | Create | Villager (Male) |
| 3:15 | Create | Villager (Male) |
| 3:37 | Create | Villager (Male) |
| 3:49 | Build | House |
| 4:06 | Create | Villager (Male) |
| 4:28 | Create | Villager (Male) |
| 5:05 | Build | Barracks |
| 5:07 | Create | Villager (Male) |
| 5:31 | Create | Villager (Male) |
| 5:49 | Build | House |
| 5:52 | Research | Loom |
| 6:13 | Research | Feudal Age |
| 6:38 | Create | Militia |
| 6:38 | Create | Militia |
| 7:07 | Build | Mining Camp |
| 7:39 | Create | Militia |
| 7:39 | Create | Militia |
| 8:10 | Build | Palisade Wall |
| 8:11 | Build | Palisade Wall |
| 8:13 | Build | Palisade Wall |
| 8:31 | Create | Villager (Male) |
| 8:32 | Age | Feudal Age |
| 8:33 | Build | House |
| 8:36 | Build | Mill |
| 8:44 | Research | Man-at-Arms (upgrade) |
| 9:03 | Create | Villager (Male) |
| 9:10 | Create | Villager (Male) |
| 9:22 | Create | Spearman |
| 9:34 | Build | Mill |
| 9:45 | Build | Palisade Wall |
| 9:57 | Create | Villager (Male) |
| 10:02 | Research | Double-Bit Axe |
| 10:30 | Create | Spearman |
| 10:35 | Create | Villager (Male) |
| 10:35 | Create | Villager (Male) |
| 10:49 | Build | House |
| 10:49 | Build | House |
| 11:02 | Create | Villager (Male) |
| 11:03 | Build | Farm |
| 11:20 | Build | Farm |
| 11:20 | Create | Villager (Male) |
| 11:27 | Create | Villager (Male) |
| 11:48 | Build | Palisade Wall |
| 11:55 | Create | Villager (Male) |
| 12:05 | Create | Villager (Male) |
| 12:09 | Build | Archery Range |
| 12:11 | Create | Villager (Male) |
| 12:18 | Build | Farm |
| 12:23 | Build | Farm |
| 12:30 | Build | House |
| 12:59 | Create | Archer |
| 12:59 | Create | Archer |
| 13:21 | Create | Villager (Male) |
| 13:30 | Create | Villager (Male) |
| 13:32 | Create | Archer |
| 13:42 | Create | Villager (Male) |
| 14:07 | Create | Villager (Male) |
| 14:08 | Create | Archer |
| 14:24 | Create | Villager (Male) |
| 14:34 | Build | Archery Range |
| 14:36 | Build | Farm |
| 14:36 | Build | Farm |
| 14:36 | Build | Farm |
| 14:37 | Build | Farm |
| 14:37 | Build | Farm |
| 14:43 | Create | Skirmisher |
| 14:58 | Build | Blacksmith |
| 15:32 | Create | Archer |
| 15:32 | Create | Archer |
| 15:43 | Build | Farm |
| 15:48 | Build | House |
| 15:54 | Research | Fletching |
| 16:01 | Create | Villager (Male) |
| 16:01 | Create | Villager (Male) |
| 16:03 | Build | Farm |
| 16:09 | Build | Farm |
| 16:12 | Research | Horse Collar |
| 16:17 | Research | Town Watch |
| 16:24 | Build | House |
| 16:25 | Build | House |
| 16:25 | Build | Palisade Wall |
| 16:27 | Create | Archer |
| 16:27 | Create | Archer |
| 17:04 | Create | Villager (Male) |
| 17:07 | Build | House |
| 17:17 | Create | Villager (Male) |
| 17:27 | Create | Villager (Male) |
| 17:47 | Build | Farm |
| 17:52 | Build | Farm |
Match timeline
| 5:05 | OS+ | TeoX · first_building Barracks |
| 7:10 | banditbird · wall_segment Palisade Wall x1 |
| 7:11 | banditbird · wall_segment Palisade Wall x1 |
| 7:16 | banditbird · wall_segment Palisade Wall x1 |
| 7:17 | banditbird · wall_segment Palisade Wall x1 |
| 7:18 | banditbird · wall_segment Palisade Wall x1 |
| 7:19 | banditbird · wall_segment Palisade Wall x1 |
| 7:20 | banditbird · wall_segment Palisade Wall x1 |
| 7:26 | banditbird · wall_segment Palisade Wall x1 |
| 7:26 | banditbird · wall_segment Palisade Wall x1 |
| 7:37 | banditbird · first_building Barracks |
| 8:10 | OS+ | TeoX · wall_segment Palisade Wall x1 |
| 8:11 | OS+ | TeoX · wall_segment Palisade Wall x1 |
| 8:13 | OS+ | TeoX · wall_segment Palisade Wall x1 |
| 8:25 | banditbird · age_up feudal |
| 8:32 | OS+ | TeoX · age_up feudal |
| 8:39 | banditbird · first_building Stable |
| 9:45 | OS+ | TeoX · wall_segment Palisade Wall x12 |
| 9:55 | banditbird · first_building Archery Range |
| 11:12 | banditbird · wall_segment Palisade Wall x1 |
| 11:16 | banditbird · wall_segment Palisade Wall x1 |
| 11:17 | banditbird · wall_segment Palisade Wall x1 |
| 11:20 | banditbird · wall_segment Palisade Wall x1 |
| 11:38 | banditbird · wall_segment Palisade Wall x5 |
| 11:48 | OS+ | TeoX · wall_segment Palisade Wall x3 |
| 11:53 | banditbird · wall_segment Palisade Wall x1 |
| 12:00 | banditbird · wall_segment Palisade Wall x1 |
| 12:09 | OS+ | TeoX · first_building Archery Range |
| 13:44 | banditbird · wall_segment Palisade Wall x9 |
| 14:20 | banditbird · wall_segment Palisade Wall x1 |
| 14:39 | banditbird · wall_segment Palisade Wall x1 |
| 14:42 | banditbird · wall_segment Palisade Wall x1 |
| 16:25 | OS+ | TeoX · wall_segment Palisade Wall x1 |
| 17:53 | banditbird · resign |
[ AI ANALYSIS · 1 CREDIT ]
What really happened in this match?
Wolo.gg analyzes every decision: build order, eco, micro, common mistakes by bracket. Personalized analysis on WhatsApp or Discord in 30 seconds.
Civ guide
Hindustanis
Perfil
Jugador #3413471